 Seeded DCSS version 0.28-a0-1234-g826d19b2e0 (webtiles) character file.

Game seed: 11023650935340118060 (custom seed)

47 croobank the Insei (level 3, 0/23 HPs)
             Began as an Octopode Transmuter on Dec 24, 2021.
             Slain by an adder (2 damage)
             ... on level 2 of the Dungeon.
             The game lasted 00:04:42 (2170 turns).

croobank the Insei (Octopode Transmuter)            Turns: 2170, Time: 00:04:43

Health: 0/23       AC:  1    Str:  9    XL:     3   Next: 70%
Magic:  3/6        EV: 13    Int: 17    God:
Gold:   37         SH:  0    Dex: 12    Spells: 0/6 levels left

rFire   . . .      SeeInvis .     - Unarmed
rCold   . . .      Faith    .   (no shield)
rNeg    . . .      Spirit   .   (helmet restricted)
rPois   .          Reflect  .   (no amulet)
rElec   .          Harm     .   (no ring)
rCorr   .          Rampage  .   (no ring)
Will    .....                   (no ring)
Stlth   +++.......              (no ring)
HPRegen 0.07/turn               (no ring)
MPRegen 0.10/turn               (no ring)
                                (no ring)
                                (no ring)

@: lethally poisoned (0 -> -2), very slightly contaminated
A: almost no armour, amphibious, 8 rings, camouflage 1, gelatinous body 1,
(nimble swimmer 1), tentacles
a: no special abilities


You were on level 2 of the Dungeon.
You visited 1 branch of the dungeon, and saw 2 of its levels.

You collected 37 gold pieces.

Inventory:

Missiles
 a - 92 stones
 d - 14 sling bullets
Scrolls
 b - 2 scrolls of blinking {blink, unknown}
 c - a scroll of vulnerability {unknown}


   Skills:
 - Level 1.5 Fighting
 - Level 2.3 Dodging
 + Level 2.1 Stealth
 - Level 3.2 Unarmed Combat
 - Level 2.3 Spellcasting
 - Level 2.3 Transmutations


You couldn't memorise any spells.
You knew the following spells:

 Your Spells              Type           Power      Damage    Failure   Level
a - Beastly Appendage     Tmut           18%        N/A       7%          1
b - Wereblood             Tmut           9%         N/A       11%         2
c - Spider Form           Tmut/Pois      5%         N/A       34%         3

Your spell library contained the following spells:

 Spells                   Type           Power      Damage    Failure   Level
 Ice Form                 Ice/Tmut       5%         N/A       75%         4


Dungeon Overview and Level Annotations

Branches:
Dungeon (2/15)

Altars:


Innate Abilities, Weirdness & Mutations

You cannot wear most types of armour.
You are amphibious.
You can wear up to eight rings at the same time.
Your skin changes colour to match your surroundings (Stealth+).
Your rubbery body absorbs attacks. (AC +1, EV +1)
((You are camouflaged when in or above water. (Stealth+)))
You have tentacles for arms and can constrict up to eight enemies at once.


Message History

You closely miss the ball python. Your grab misses the ball python.
You pierce the ball python, but do no damage.
The ball python is severely wounded.
The ball python barely misses you. The ball python constricts you.
The ball python bites you but does no damage.
The ball python constricts you.
You tentacle-slap the ball python but do no damage.
You grab the ball python. You squeeze the ball python.
You kill the ball python!
Your Stealth skill increases to level 2!
You barely miss the hobgoblin. Your grab misses the hobgoblin.
Your squeeze misses the hobgoblin.
Your transformation is almost over.
The hobgoblin hits you.
You tentacle-slap the hobgoblin. Your grab misses the hobgoblin.
You pierce the hobgoblin.
You kill the hobgoblin!
You start resting.
Your tentacle spike disappears.
You start resting.
An adder comes into view.
Casting: Beastly Appendage (safe; 7% risk of failure)
Confirm with . or Enter, or press ? or * to list all spells.
The spell is extremely dangerous to miscast (34% risk of failure)!
Continue anyway?
You miscast Spider Form.
You are very lightly contaminated with residual magic.
You feel incredibly sick!
You are poisoned.
* * * LOW HITPOINT WARNING * * *
The adder hisses angrily.
* * * LOW HITPOINT WARNING * * *
You feel sick.
* * * LOW HITPOINT WARNING * * *
You feel sick.
* * * LOW HITPOINT WARNING * * *
You feel sick.
There is a stone staircase leading up here.
* * * LOW HITPOINT WARNING * * *
You feel sick. The adder bites you.
You die...

#.... # #...
#. #... .#
#.. . ...
#.#.# #.#.#
#..@# #.###S#
#.....#
######†......
.......
.......
.......
.).....
.......


You could see an adder.

Vanquished Creatures
  A dart slug (D:1)
  A ball python (D:2)
  5 endoplasms (D:1)
  4 giant cockroaches (D:1)
  A goblin (D:1)
  6 hobgoblins
  7 jackals (D:1)
  2 quokkas (D:1)
  4 bats (D:1)
  2 kobolds (D:1)
  3 rats (D:1)
36 creatures vanquished.

Notes
Turn   | Place    | Note
-------+----------+-------------------------------------------
     0 | D:1      | croobank the Octopode Transmuter began the quest for the
                  | Orb.
     0 | D:1      | Reached XP level 1. HP: 13/13 MP: 3/3
   420 | D:1      | Reached XP level 2. HP: 14/18 MP: 3/5
   689 | D:1      | Reached skill level 1 in Stealth
   832 | D:1      | Learned a level 2 spell: Wereblood
  1089 | D:1      | Reached XP level 3. HP: 12/23 MP: 3/6
  1094 | D:1      | Learned a level 3 spell: Spider Form
  2170 | D:2      | Slain by an adder

Illustrated notes

Levels and vault maps discovered:
D:1:      mainiacjoe_arrival_reflecting_pool, layout_loops_corners,
          minmay_split_cup_large
D:2:      layout_basic, basic_ecumenical_altar, minmay_tetromino_s4,
          uniq_jessica, uniq_natasha

Skill      XL: |  1  2  3 |
---------------+----------+-----
Stealth        | 1 2 |  2.1
Fighting       | |  1.5
Dodging        | |  2.3
Unarmed Combat | |  3.2
Spellcasting   | |  2.3
Transmutations | |  2.3

Action                   || total
-------------------------++-------
Melee: Unarmed           ||    84
       Kick              ||    21
       Constrict         ||    18
       Tentacles         ||     8
 Cast: Beastly Appendage ||    16
       Wereblood         ||     3
       Spider Form       ||     1
 Stab: Sleeping          ||     7
Armor: Skin              ||     5
Dodge: Dodged            ||    62

Table legend: (Time is in decaauts)
 A = Elapsed time spent in this place.
 B = Non-inter-level travel time spent in this place.
 C = Inter-level travel time spent in this place.
 D = Time resting spent in this place.
 E = Time spent auto-exploring this place.
 F = Levels seen in this place.
 G = Mean time per level.
                   A        B        C        D        E       F      G
               +--------+--------+--------+--------+--------+-----+--------+
         Total |   2165 |   2116 |     49 |    835 |    984 |   2 | 1082.5 |
       Dungeon |   2165 |   2116 |     49 |    835 |    984 |   2 | 1082.5 |
               +--------+--------+--------+--------+--------+-----+--------+

Top non-repeatable levels by time:
     D:1: 2099 daAuts
     D:2: 66 daAuts
